 Dungeon Crawl Stone Soup version 0.29-a0-648-g6b26cc9f40 (webtiles) character file.

Game seed: 7616408945020133822

142 DocClef the Skirmisher (level 5, -8/51 HPs)
             Began as a Minotaur Gladiator on June 20, 2022.
             Mangled by an iguana (18 damage)
             ... on level 4 of the Dungeon.
             The game lasted 00:02:27 (2664 turns).

DocClef the Skirmisher (Minotaur Gladiator)         Turns: 2664, Time: 00:02:28

Health: -8/51      AC:  6    Str: 27    XL:     5   Next: 3%
Magic:  4/4        EV: 12    Int:  5    God:
Gold:   182        SH:  0    Dex: 11    Spells: 4/4 levels left

rFire   . . .      SeeInvis .   a - +0 war axe
rCold   . . .      Faith    .   i - orb {mayhem}
rNeg    . . .      Spirit   .   b - +0 leather armour
rPois   .          Reflect  .   c - +0 hat
rElec   .          Harm     .   (no cloak)
rCorr   .          Rampage  .   (no gloves)
Will    .....                   n - +0 pair of boots
Stlth   +.........              (no amulet)
HPRegen 0.17/turn               p - +6 ring of strength
MPRegen 0.09/turn               (no ring)

@: no status effects
A: horns 2, retaliatory headbutt, iridescent scales 1
a: no special abilities


You were on level 4 of the Dungeon.
You visited 1 branch of the dungeon, and saw 4 of its levels.

You collected 182 gold pieces.

Inventory:

Hand Weapons
 a - a +0 war axe (weapon)
Missiles
 d - 3 throwing nets (quivered)
 e - 4 javelins
 m - 6 silver javelins
Armour
 b - a +0 leather armour (worn)
 c - a +0 hat (worn)
 i - an orb of mayhem (worn)
 n - a +0 pair of boots (worn)
 o - a +0 buckler
Jewellery
 p - a +6 ring of strength (left hand)
Scrolls
 f - 2 scrolls of torment {unknown}
 g - 3 scrolls of identify {unknown}
 j - a scroll of noise {unknown}
 l - a scroll of poison {unknown}
 q - a scroll of amnesia {unknown}
 s - 3 scrolls of magic mapping {unknown}
 t - 2 scrolls of fog {unknown}
Potions
 h - a potion of attraction
 k - a potion of flight
 v - a potion of mutation


   Skills:
 + Level 6.4 Fighting
 - Level 3.6 Axes
 - Level 2.0 Throwing
 - Level 3.2 Dodging


You had 4 spell levels left.
You didn't know any spells.
Your spell library contained the following spells:

 Spells                   Type           Power      Damage    Failure   Level
 Sting                    Tmut/Pois      0%         1d3       52%         1
 Poisonous Vapours        Pois/Air       0%         N/A       65%         2
 Sublimation of Blood     Necr           0%         N/A       65%         2
 Olgreb's Toxic Radiance  Pois           0%         N/A       99%         4
 Petrify                  Tmut/Erth      0%         N/A       99%         4
 Summon Lightning Spire   Summ/Air       0%         N/A       99%         4
 Irradiate                Conj/Tmut      0%         3d13      100%        5
 Storm Form               Tmut/Air       0%         N/A       100%        7
 Maxwell's Capacitive Co  Air            0%         ∞         100%        8


Dungeon Overview and Level Annotations

Branches:
Dungeon (4/15)
 Temple: D:4-7

Altars:


Innate Abilities, Weirdness & Mutations

You have a pair of horns on your head.
You reflexively headbutt those who attack you in melee.
You are partially covered in iridescent scales. (AC +2)


Message History

You now have 182 gold pieces (gained 15).
Items here: ))) †.
Items here: )) ††.
A kobold and an adder come into view.
The kobold shouts!
The adder hisses angrily.
An iguana comes into view.
The adder moves out of view.
There are monsters nearby!
There are monsters nearby!
There are monsters nearby!
There are monsters nearby!
There are monsters nearby!
There are monsters nearby!
The kobold throws a stone.
The stone closely misses you.
Found a dagger.
The iguana hisses angrily.
You miss the kobold. Your headbutt misses the kobold.
The kobold hits you with a +0 short sword.
The kobold closely misses you. You furiously retaliate!
You headbutt the kobold.
You kill the kobold!
The iguana bites you!
Things that are here:
a +0 short sword; 3 stones You barely miss the iguana.
You headbutt the iguana, but do no damage.
You closely miss the adder. The adder bites you but does no damage.
The iguana misses you.
You barely miss the iguana. You miss the adder. The adder misses you.
The iguana bites you! The adder bites you but does no damage.
You hit the iguana but do no damage. Your headbutt misses the iguana.
You miss the adder. The adder bites you. The iguana bites you.
The adder closely misses you. You furiously retaliate!
You headbutt the adder! The iguana closely misses you.
You slash the adder!
You kill the adder!
The iguana flies into a frenzy!
The iguana bites you!!
* * * LOW HITPOINT WARNING * * *
The iguana bites you!!
You die...

#.......#####...
####..### #.##
#.######..# #.
#.........# #.
#######.### .
..##.# ... #.##.#
.....###.##.#
......l@....#
......##.###......
..).. #.# #.###.
.... ..# .# ...
#### . ## .. ..


You could see a neutral iguana (fast, strong, insane).

Vanquished Creatures
  A hound (D:4)
  5 gnolls (D:4)
  2 adders
  2 dart slugs
  2 orcs
  3 ball pythons
  5 endoplasms
  8 goblins
  2 hobgoblins
  2 jackals (D:1)
  4 quokkas
  3 bats
  2 frilled lizards
  6 kobolds
  3 rats
50 creatures vanquished.

Vanquished Creatures (others)
  A giant cockroach (D:4)
1 creature vanquished.

Grand Total: 51 creatures vanquished

Notes
Turn   | Place    | Note
-------+----------+-------------------------------------------
     0 | D:1      | DocClef the Minotaur Gladiator began the quest for the Orb.
     0 | D:1      | Reached XP level 1. HP: 18/18 MP: 0/0
   146 | D:1      | Reached skill level 3 in Fighting
   230 | D:1      | Reached XP level 2. HP: 26/26 MP: 1/1
   829 | D:2      | Reached skill level 4 in Fighting
  1285 | D:2      | Reached XP level 3. HP: 31/34 MP: 2/2
  1604 | D:2      | Gained mutation: You are partially covered in iridescent
                  | scales. (AC +2) [potion of mutation]
  2188 | D:3      | Reached skill level 5 in Fighting
  2322 | D:4      | Reached XP level 4. HP: 41/42 MP: 3/3
  2487 | D:4      | Reached skill level 6 in Fighting
  2496 | D:4      | Reached XP level 5. HP: 27/51 MP: 4/4
  2664 | D:4      | Mangled by an iguana

Illustrated notes

Levels and vault maps discovered:
D:1:      mrwooster_arrival_statue_3, layout_basic
D:2:      layout_loops_cross, nrook_loot_triangle
D:3:      layout_basic
D:4:      layout_loops_cross

Skill      XL: |  1  2  3  4 |
---------------+-------------+-----
Fighting       | 3 4 5 6 |  6.4
Axes           | |  3.6
Throwing       | |  2.0
Dodging        | |  3.2

Action                   |  1- 3 |  4- 6 || total
-------------------------+-------+-------++-------
Melee: War axe           |    66 |    26 ||    92
       Headbutt          |     7 |     6 ||    13
  Use: Potion            |     6 |       ||     6
Armor: Leather armour    |    18 |     9 ||    27
Dodge: Dodged            |    34 |    26 ||    60

Table legend: (Time is in decaauts)
 A = Elapsed time spent in this place.
 B = Non-inter-level travel time spent in this place.
 C = Inter-level travel time spent in this place.
 D = Time resting spent in this place.
 E = Time spent auto-exploring this place.
 F = Levels seen in this place.
 G = Mean time per level.
                   A        B        C        D        E       F      G
               +--------+--------+--------+--------+--------+-----+--------+
         Total |   2679 |   2535 |    144 |      0 |   2194 |   4 |  669.8 |
       Dungeon |   2679 |   2535 |    144 |      0 |   2194 |   4 |  669.8 |
               +--------+--------+--------+--------+--------+-----+--------+

Top non-repeatable levels by time:
     D:2: 854 daAuts
     D:1: 802 daAuts
     D:3: 627 daAuts
     D:4: 395 daAuts
